 Dungeon Crawl Stone Soup version 0.29.0-7-g18a832c13a (webtiles) character file.

Game seed: 16101381323105171872

4 Iusername the Cudgeller (level 1, 0/18 HPs)
             Began as a Minotaur Gladiator on Aug 31, 2022.
             Slain by a goblin
             ... wielding a +0 dagger
              (2 damage)
             ... on level 1 of the Dungeon.
             The game lasted 00:00:31 (214 turns).

Iusername the Cudgeller (Minotaur Gladiator)         Turns: 214, Time: 00:00:31

Health: 0/18       AC:  3    Str: 18    XL:     1   Next: 58%
Magic:  0/0        EV: 12    Int:  5    God:
Gold:   29         SH:  0    Dex: 11    Spells: 0/0 levels left

rFire   . . .      SeeInvis .   a - +0 flail
rCold   . . .      Faith    .   (no shield)
rNeg    . . .      Spirit   .   b - +0 leather armour
rPois   .          Reflect  .   c - +0 hat
rElec   .          Harm     .   (no cloak)
rCorr   .          Rampage  .   (no gloves)
Will    .....                   (no boots)
Stlth   +.........              (no amulet)
HPRegen 0.06/turn               (no ring)
MPRegen 0.07/turn               (no ring)

@: no status effects
A: horns 2, retaliatory headbutt
a: no special abilities


You were on level 1 of the Dungeon.
You visited 1 branch of the dungeon, and saw 1 of its levels.

You collected 29 gold pieces.

Inventory:

Hand Weapons
 a - a +0 flail (weapon)
Armour
 b - a +0 leather armour (worn)
 c - a +0 hat (worn)
Jewellery
 g - an amulet of reflection
Potions
 f - a potion of haste {unknown}


   Skills:
 + Level 2.5 Fighting
 + Level 3.6 Maces & Flails
 + Level 2.0 Throwing
 + Level 3.5 Dodging


You couldn't memorise any spells.
You didn't know any spells.
Your spell library was empty.

Dungeon Overview and Level Annotations

Branches:
Dungeon (1/15)

Altars:


Innate Abilities, Weirdness & Mutations

You have a pair of horns on your head.
You reflexively headbutt those who attack you in melee.


Message History

Found a whip.
You see here a throwing net.
A goblin is nearby!
The goblin shouts!
A kobold comes into view. It is wielding a +0 whip.
There are monsters nearby!
There are monsters nearby!
The kobold shouts!
The kobold hits you with a +0 whip.
There are monsters nearby!
You closely miss the kobold. The kobold closely misses you.
The goblin barely misses you. The kobold hits you with a +0 whip.
There are monsters nearby!
You barely miss the goblin. Your punch misses the goblin.
The goblin barely misses you. The kobold hits you with a +0 whip.
There are monsters nearby!
You are too injured to fight recklessly!
There are monsters nearby!
You are too injured to fight recklessly!
There are monsters nearby!
There are monsters nearby!
You are too injured to fight recklessly!
Nothing quivered!
You are too injured to fight recklessly!
There are monsters nearby!
The goblin attacks as you move away! The goblin hits you with a +0 dagger.
* * * LOW HITPOINT WARNING * * *
The kobold closely misses you. You furiously retaliate!
You headbutt the kobold.
You kill the kobold!
The goblin hits you but does no damage.
You see here a +0 whip.
The goblin attacks as you move away! The goblin hits you with a +0 dagger.
* * * LOW HITPOINT WARNING * * *
You barely miss the goblin. The goblin hits you with a +0 dagger.
* * * LOW HITPOINT WARNING * * *
You hit the goblin. Your headbutt misses the goblin.
The goblin is heavily wounded.
The goblin hits you with a +0 dagger.
You die...

.# #....##.##.# .#
##.##.#=.##.# .#
#..#.##.# #.# # .#
#.##....###.###.###
##
#......)(...((.....
#
##....###........#
# ###### #)#)####.#
# #.#g# # #.#@# #
#.#.# # #.#.. ####
#.###. .... #.# .#
###.##### .
###...... ##
)........ #########


You could see a goblin.

Vanquished Creatures
  A goblin (D:1)
  A hobgoblin (D:1)
  2 kobolds (D:1)
  A rat (D:1)
5 creatures vanquished.

Notes
Turn   | Place    | Note
-------+----------+-------------------------------------------
     0 | D:1      | Iusername the Minotaur Gladiator began the quest for the
                  | Orb.
     0 | D:1      | Reached XP level 1. HP: 18/18 MP: 0/0
   214 | D:1      | Slain by a goblin

Illustrated notes

Levels and vault maps discovered:
D:1:      onia_arrival_mini_spirals, layout_loops_ring,
          hellmonk_ecumenical_altar_inner_sanctum, minmay_pentomino_z2

Action                   || total
-------------------------++-------
Melee: Flail             ||     7
       Headbutt          ||     1
Throw: Throwing net      ||     3
       Javelin           ||     1
Armor: Leather armour    ||     1
Dodge: Dodged            ||     5
